 Dungeon Crawl Stone Soup version 0.26.1-11-gd32895ea62 (webtiles) character file.

Game seed: 16559836876598979117

39 Arcadio the Grave Robber (level 3, 0/26 HPs)
             Began as a Hill Orc Necromancer on May 21, 2021.
             Succumbed to an adder's poison
             ... on level 2 of the Dungeon.
             The game lasted 00:04:39 (2315 turns).

Arcadio the Grave Robber (Hill Orc Necromancer)     Turns: 2315, Time: 00:04:40

Health: 0/26       AC:  2    Str: 10    XL:     3   Next: 45%
Magic:  1/5        EV: 12    Int: 16    God:
Gold:   66         SH:  0    Dex: 11    Spells: 0/5 levels left

rFire    . . .     SeeInvis .   l - +0 whip
rCold    . . .     Faith    .   (no shield)
rNeg     . . .     Spirit   .   a - +0 robe
rPois    .         Reflect  .   (no helmet)
rElec    .         Harm     .   (no cloak)
rCorr    .         Rampage  .   (no gloves)
Will     .....                  (no boots)
Stlth    ++........             (no amulet)
HPRegen  0.08/turn              (no ring)
MPRegen  0.09/turn              (no ring)

@: brilliant, lethally poisoned (0 -> -18)
A: no striking features
a: no special abilities


You were on level 2 of the Dungeon.
You visited 1 branch of the dungeon, and saw 2 of its levels.

You collected 66 gold pieces.

Inventory:

Hand Weapons
 e - a +0 club
 l - a +0 whip (weapon)
Armour
 a - a +0 robe (worn)
Jewellery
 i - an uncursed ring of ice {unknown}
Scrolls
 f - a scroll of remove curse {unknown}
 g - a scroll of amnesia {unknown}
 j - a scroll of identify {unknown}
Potions
 c - a potion of invisibility
 d - a potion of degeneration {unknown}
 k - a potion of cancellation


   Skills:
 + Level 1.3 Maces & Flails
 + Level 2.2 Dodging
 - Level 1.5 Stealth
 - Level 0.9 Unarmed Combat
 - Level 1.5 Spellcasting
 + Level 4.3 Necromancy


You couldn't memorise any spells.
You knew the following spells:

 Your Spells              Type           Power        Failure   Level
a - Pain                  Necr           88%          3%          1
b - Animate Skeleton      Necr           44%          3%          1
c - Vampiric Draining     Necr           11%          11%         3

Your spell library contained the following spells:

 Spells                   Type           Power        Failure   Level
 Animate Dead             Necr           11%          36%         4
 Agony                    Necr           22%          71%         5


Dungeon Overview and Level Annotations

Branches:
Dungeon (2/15)

Altars:
Qazlal


Message History

* * * LOW HITPOINT WARNING * * *
You feel sick.
It was a potion of attraction.
You feel attractive to monsters.
* * * LOW HITPOINT WARNING * * *
You feel sick. The adder bites you.
* * * LOW HITPOINT WARNING * * *
You are more poisoned.
The adder poisons you!
It was a potion of cancellation.
Your magical effects are unravelling.
You feel magically purged.
Your magical contamination has completely faded away.
You flicker back into view.
* * * LOW HITPOINT WARNING * * *
You feel sick. The adder barely misses you.
You feel less attractive to monsters.
It was a potion of brilliance.
You feel clever all of a sudden.
You die...

#.. #.# #.# ######
#.#
#.....####.#######
#.............. ###
##....#.########. ...
###.#..S## ###.. ...
#.......@###...# ...
######.......########
...
##.............##...
#..............†..#
##...###..>...(####
#.....##.......#
##.............###
#..##..........)###
#..............(....


You could see an adder.

Vanquished Creatures
  3 dart slugs (D:1)
  A leopard gecko (D:1)
  6 bats
  A giant cockroach (D:1)
  4 goblins
  A hobgoblin (D:2)
  4 jackals
  A quokka (D:2)
  A ball python (D:1)
  A frilled lizard (D:1)
  3 kobolds
  2 rats (D:1)
28 creatures vanquished.

Notes
Turn   | Place    | Note
-------+----------+-------------------------------------------
     0 | D:1      | Arcadio the Hill Orc Necromancer began the quest for the
                  | Orb.
     0 | D:1      | Reached XP level 1. HP: 14/14 MP: 3/3
   685 | D:1      | Reached XP level 2. HP: 19/20 MP: 4/4
  1435 | D:1      | Reached skill level 1 in Maces & Flails
  1439 | D:1      | Reached XP level 3. HP: 9/26 MP: 5/5
  2122 | D:2      | Learned a level 1 spell: Animate Skeleton
  2126 | D:2      | Learned a level 3 spell: Vampiric Draining
  2151 | D:2      | Found a stormy altar of Qazlal.
  2314 | D:2      | HP: 1/26 [poisoned by an adder]
  2315 | D:2      | Succumbed to an adder's poison

Illustrated notes

Levels and vault maps discovered:
D:1:      dpeg_arrival_oval, layout_loops_corners
D:2:      layout_rooms, lemuel_doored_altar, grunt_qazlal_sundering, uniq_robin,
          uniq_crazy_yiuf_cottage

Skill      XL: |  1  2 |
---------------+-------+-----
Dodging        | 2 |  2.2
Maces & Flails | 1 |  1.3
Stealth        | |  1.5
Unarmed Combat | |  0.9
Spellcasting   | |  1.5
Necromancy     | |  4.3

Action                   || total
-------------------------++-------
Melee: Unarmed           ||    40
       Club              ||    53
       Whip              ||    25
 Cast: Pain              ||    18
       Animate Skeleton  ||     1
  Use: Potion            ||     4
 Stab: Sleeping          ||     3
Armor: Robe              ||    35
Dodge: Dodged            ||   122
